 Dungeon Crawl Stone Soup version 0.25-a0-589-g1e14c549ee (webtiles) character file.

Game seed: 13492843907603950672, levelgen mode: deterministic

23 MisterFreud the Charmwright (level 2, 0/14 HPs)
             Began as a Felid Skald on Mar 9, 2020.
             Hit by a stone thrown by a kobold (1 damage)
             ... on level 2 of the Dungeon.
             The game lasted 00:02:20 (813 turns).

MisterFreud the Charmwright (Felid Skald)            Turns: 813, Time: 00:02:21

Health: 0/14       AC:  1    Str:  7    XL:     2   Next: 75%
Magic:  6/6        EV: 18    Int: 14    God:
Gold:   106        SH:  3    Dex: 15    Spells: 2/5 levels left
                                        Lives:  0   Deaths: 0

rFire    . . .     SeeInvis +     - Unarmed
rCold    . . .     Gourm    .   (shield unavailable)
rNeg     . . .     Faith    .   (armour unavailable)
rPois    .         Spirit   .   (helmet unavailable)
rElec    .         Reflect  +   (cloak unavailable)
rCorr    .         Harm     .   (gloves unavailable)
MR       .....                  (boots unavailable)
Stlth    ++........             l - +3 amulet of reflection
HPRegen  0.04/turn              (no ring)
MPRegen  0.10/turn              (no ring)

@: quick
A: very small, no armour, no weapons or thrown items, stealth, claws 1, fangs 3,
see invisible, carnivore, speed 1, shaggy fur 1, slow metabolism 1, sharp paws
a: no special abilities


You were on level 2 of the Dungeon.
You were completely stuffed.

You visited 1 branch of the dungeon, and saw 2 of its levels.

You collected 106 gold pieces.

Inventory:

Jewellery
 l - a +3 amulet of reflection (around neck)
Scrolls
 d - a scroll of magic mapping {unknown}
 e - a scroll of fear {unknown}
 h - a scroll of identify {unknown}
 i - a scroll of enchant armour {unknown}
Potions
 a - 2 potions of curing {unknown}
 c - a potion of brilliance {unknown}
 f - a potion of berserk rage {unknown}
 g - a potion of heal wounds {unknown}
 k - a potion of degeneration {unknown}
Comestibles
 b - 2 rations
 j - a chunk of flesh


   Skills:
 + Level 3.3 Fighting
 - Level 3.2 Dodging
 - Level 2.0 Unarmed Combat
 - Level 2.0 Spellcasting
 - Level 3.6 Charms


You had 2 spell levels left.
You knew the following spells:

 Your Spells              Type           Power        Failure   Level  Hunger
a - Infusion              Chrm           ##..         5%          1    ##.....
b - Shroud of Golubria    Chrm/Tloc      #.....       17%         2    ###....

Your spell library contained the following spells:

 Spells                   Type           Power        Failure   Level  Hunger
 Song of Slaying          Chrm           ##......     9%          2    ###....
 Ozocubu's Armour         Chrm/Ice       #.......     34%         3    ####...
 Spectral Weapon          Hex/Chrm       Unusable     N/A         3    N/A

Dungeon Overview and Level Annotations

Branches:
Dungeon (2/15)

Altars:
Nemelex Xobeh


Innate Abilities, Weirdness & Mutations

You cannot wear armour.
You are incapable of wielding weapons or throwing items.
Your paws allow you to move quietly. (Stealth)
You have sharp claws.
You have razor-sharp teeth.
You have supernaturally acute eyesight. (SInv)
You are carnivorous and can eat meat at any time.
You cover ground quickly.
You are covered in fur. (AC +1)
You have a slow metabolism.
Your sharp claws are effective at attacking unaware monsters.


Message History

A bat and a hobgoblin come into view.
The worm bites you.
* * * LOW HITPOINT WARNING * * *
Found a glowing spear and 12 gold pieces.
A hobgoblin comes into view.
The hobgoblin shouts!
Found a fizzy golden potion.
Found a stone staircase leading down.
A kobold comes into view. It is wielding a -1 short sword.
The kobold shouts!
The bat closely misses you.
The kobold throws a stone.
The stone hits you but does no damage.
You see here a stone.
A worm comes into view.
The bat hits you.
* * * LOW HITPOINT WARNING * * *
The bat hits you but does no damage.
You scratch the bat.
The bat is heavily wounded.
The bat completely misses you.
The kobold throws a stone.
The stone hits you.
You die...

#.####.##
........#
#.####.<#
........#
..#####w#
##.######
#.......#
w#######(......#
...K...@g.g.).>..
.#######b.....!##
#.......#
#.$.....#
#.......#
..##.#### #.# .#
.# #


You could see 2 worms, 2 hobgoblins, a bat and a kobold.

Vanquished Creatures
  2 dart slugs (D:1)
  4 goblins (D:1)
  3 hobgoblins (D:1)
  2 jackals (D:1)
  2 bats (D:1)
  A frilled lizard (D:1)
  3 kobolds (D:1)
17 creatures vanquished.

Notes
Turn   | Place    | Note
-------+----------+-------------------------------------------
     0 | D:1      | MisterFreud the Felid Skald began the quest for the Orb.
     0 | D:1      | Reached XP level 1. HP: 9/9 MP: 4/4
   351 | D:1      | Reached XP level 2. HP: 13/13 MP: 1/6
   356 | D:1      | Learned a level 2 spell: Shroud of Golubria
   718 | D:1      | Found a sparkling altar of Nemelex Xobeh.
   813 | D:2      | Hit by a stone thrown by a kobold

Levels and vault maps discovered:
D:1:      mrwooster_arrival_arrow, layout_basic, chequers_serial_rivers_large_a,
          nemelex_diamond_rough_becter
D:2:      layout_loops_ring, uniq_crazy_yiuf_cottage

Skill      XL: |  1  2 |
---------------+-------+-----
Fighting       | 3 |  3.3
Dodging        | |  3.2
Unarmed Combat | |  2.0
Spellcasting   | |  2.0
Charms         | |  3.6

Action                   || total
-------------------------++-------
Melee: Unarmed           ||    43
       Bite              ||     1
       Punch             ||     1
 Cast: Infusion          ||     9
 Stab: Sleeping          ||     4
  Eat: Chunk             ||     7
Armor: Skin              ||     2
Dodge: Dodged            ||    32

Table legend:
 A = Non-vault XP
 B = Vault XP
 C = Vault XP percentage of total XP
 D = Non-vault monster count
 E = Vault monster count
 F = Vault count percentage of total count
                 A         B        C        D         E       F
            +---------+---------+-------+---------+---------+-------
      Total |      34 |       0 |   0.0 |      17 |       0 |   0.0
            +---------+---------+-------+---------+---------+-------
        D:1 |      34 |       0 |   0.0 |      17 |       0 |   0.0
            +---------+---------+-------+---------+---------+-------
